 Dungeon Crawl Stone Soup version 0.15.2 (webtiles) character file.

298 kae the Insei (level 6, -1/47 HPs)
             Began as a Draconian Transmuter on Feb 5, 2015.
             Was a Follower of Qazlal.
             Slain by an orc wizard
             ... wielding a +0 dagger
              (6 damage)
             ... on Level 4 of the Dungeon.
             The game lasted 00:03:34 (3614 turns).

kae the Insei (Draconian Transmuter)                Turns: 3614, Time: 00:03:34

HP  -1/47        AC  9     Str 12      XL: 6   Next: 13%
MP   3/10        EV 17     Int 13      God: Qazlal [*.....]
Gold 143         SH  1     Dex 19      Spells:  3 memorised,  3 levels left

rFire  . . .     SeeInvis .       - Unarmed
rCold  . . .     Clarity  .     (armour unavailable)
rNeg   . . .     rCorr    .     (no shield)
rPois  .         rRot     .     (helmet restricted)
rElec  .         Spirit   .     (no cloak)
SustAb .         Warding  .     (no gloves)
rMut   .         Stasis   .     k - +2 pair of boots
Gourm  .                        (no amulet)
MR     .....                    (no ring)
                                (no ring)

@: agile, very slightly contaminated, slowed, very slow, not resistant to
hostile enchantments, fairly stealthy
A: unfitting armour, cold-blooded, AC +6
a: Renounce Religion


You were on level 4 of the Dungeon.
You worshipped Qazlal.
Qazlal was aware of your devotion.
You were very hungry.

You visited 1 branch of the dungeon, and saw 4 of its levels.

You collected 143 gold pieces.

Inventory:

Missiles
 b - 99 arrows
Armour
 k - a +2 pair of boots (worn)
Magical devices
 B - a wand of confusion (16) {unknown}
Comestibles
 a - 2 bread rations
 j - a beef jerky
 l - a meat ration
 n - 4 fruits
 x - a slice of pizza
Scrolls
 e - 2 scrolls of enchant weapon {unknown}
 g - a scroll of random uselessness {unknown}
 i - 4 scrolls of identify {unknown}
 p - a scroll of remove curse {unknown}
 t - 2 scrolls of recharging {unknown}
 v - a scroll of fog {unknown}
 w - a scroll of amnesia {unknown}
 y - a scroll of magic mapping {unknown}
 C - 2 scrolls of blinking {unknown}
Jewellery
 q - an uncursed ring of ice {unknown}
 u - an uncursed ring of fire {unknown}
Potions
 c - 3 potions of agility
 f - a potion of cancellation {unknown}
 h - 2 potions of curing {unknown}
 m - a potion of flight {unknown}
 o - a potion of degeneration {unknown}
 r - a potion of restore abilities {unknown}
 s - a potion of magic {unknown}
 z - 2 potions of confusion {unknown}
Books
 d - a book of Changes

   Spells                             Type                      Level
   *Beastly Appendage                 Transmutation                1
   *Sticks to Snakes                  Transmutation                2
   *Spider Form                       Transmutation/Poison         3
   Ice Form                           Ice/Transmutation            4
   Blade Hands                        Transmutation                5


   Skills:
 - Level 1.1 Fighting
 - Level 1.7 Dodging
 * Level 5.7 Unarmed Combat
 - Level 2.0 Spellcasting
 + Level 4.2 Transmutations


You had 3 spell levels left.
You knew the following spells:

 Your Spells              Type           Power        Failure   Level  Hunger
a - Beastly Appendage     Trmt           ##....       6%          1    ##.....
b - Sticks to Snakes      Trmt           ##........   10%         2    ###....
c - Spider Form           Trmt/Pois      #.........   34%         3    ####...


Dungeon Overview and Level Annotations

Branches:
Dungeon (4/15)
 Temple: D:4-7

Altars:
Cheibriados
Dithmenos
Kikubaaqudgha
Qazlal
Trog
Xom
Yredelemnul


Innate Abilities, Weirdness & Mutations

Your plain brown scales are hard (AC +6).
Your body does not fit into most forms of armour.
Your cold-blooded metabolism reacts poorly to cold.


Message History

The orc wizard is almost dead.
You kill the orc wizard!
Qazlal accepts your kill. Something completely misses you.
No target in view!
No target in view!
No target in view!
No target in view!
You closely miss something. You tail-slap something.
You hear some strange, mumbled words.
The puff of flame hits you!
* * * LOW HITPOINT WARNING * * *
You hear some strange, mumbled words.
Something tries to affect you, but you resist.
You miss something. Something hits you.
* * * LOW HITPOINT WARNING * * *
Drink which item? (? for menu, Esc to quit)
You feel agile all of a sudden. Something hits you.
You die...

#.# #.# ..# ### #########
### #......... ..# #.# #.#
#.# #.# ##@####### #.#
#).(.....####.#####
########..#####...........
..........# ######.#####
#########.# #.# #.# #.#
#.# #.# #.##########.#
#............#


There were no monsters in sight!

Vanquished Creatures
  Edmund (D:4)
  2 orc wizards (D:4)
  A worker ant (D:4)
  2 adders
  2 giant mites
  A worm (D:3)
  13 bats
  7 giant cockroaches
  12 hobgoblins
  A quokka (D:3)
  3 giant geckos
  2 giant newts
  11 goblins
  11 kobolds
  7 rats
  A plant (D:1)
77 creatures vanquished.

Notes
Turn   | Place    | Note
--------------------------------------------------------------
     0 | D:1      | kae, the Draconian Transmuter, began the quest for the Orb.
     0 | D:1      | Reached XP level 1. HP: 16/16 MP: 3/3
   186 | D:1      | Reached XP level 2. HP: 15/23 MP: 4/4
  1085 | D:2      | Reached XP level 3. HP: 24/28 MP: 6/6
  1335 | D:2      | Reached skill level 4 in Unarmed Combat
  1343 | D:2      | Found a stormy altar of Qazlal.
  1345 | D:2      | Noticed a fire elemental
  1346 | D:2      | Noticed a water elemental
  1346 | D:2      | Noticed an air elemental
  1346 | D:2      | Noticed an earth elemental
  1697 | D:2      | Became a worshipper of Qazlal Stormbringer
  2000 | D:2      | Found a basalt altar of Yredelemnul.
  2057 | D:2      | Found a shimmering altar of Xom.
  2057 | D:2      | Found a snail-covered altar of Cheibriados.
  2058 | D:2      | Found a bloodstained altar of Trog.
  2207 | D:3      | Reached XP level 4. HP: 32/35 MP: 7/7
  2612 | D:3      | Found a shadowy altar of Dithmenos.
  2876 | D:2      | Found an ancient bone altar of Kikubaaqudgha.
  2926 | D:4      | Learned a level 2 spell: Sticks to Snakes
  2930 | D:4      | Learned a level 3 spell: Spider Form
  3303 | D:4      | Noticed Edmund
  3316 | D:4      | Killed Edmund
  3316 | D:4      | Reached skill level 5 in Unarmed Combat
  3316 | D:4      | Reached XP level 5. HP: 13/40 MP: 6/9
  3463 | D:4      | Acquired Qazlal's first power
  3550 | D:4      | Reached XP level 6. HP: 47/47 MP: 8/10
  3614 | D:4      | Slain by an orc wizard

Action                   |  1- 3 |  4- 6 || total
-------------------------+-------+-------++-------
Melee: Unarmed           |   310 |   124 ||   434
 Cast: Beastly Appendage |     5 |     6 ||    11
       Spider Form       |       |     2 ||     2
  Use: Potion            |       |     1 ||     1
 Stab: Sleeping          |       |     1 ||     1
  Eat: Chunk             |     3 |     5 ||     8
       Fruit             |     1 |       ||     1
